AoeStats
← Teetrinker

Arena

508709114Analyzed
3v3 RM · 8d ago on Sep 23, 2026· 51m 3s· 6 players
Game mode
Random Map
Map size
Normal (6 player)
Population
200
Speed
Normal
Resources
Standard
Victory
Conquest
Starting age
Dark Age
Ending age
Imperial Age
RankedLock teamsTeams togetherTeam positionsShared explorationLock speedFull tech treeHidden civsTurbo modeCheats
Victory
Defeat
🇩🇪 Britons · Germany
1095
+14
🇹🇷 Mongols · Türkiye
1079
+15
🇷🇺 Varangians · Russia
1079
+15
🇪🇸 Italians · Spain
1138
-17
🇪🇸 Saracens · Spain
1053
-15
🇪🇸 Cumans · Spain
979
-12
richyhit98
10:31 Feudal Age
9:07 Loom
14:22 Castle Age
12:56 Double-Bit Axe
13:12 Horse Collar
16:23 Wheelbarrow
24:06 Fletching
27:36 Bodkin Arrow
29:38 Gold Mining
30:00 Bow Saw
29:51 Heavy Plow
33:22 Imperial Age
34:37 Masonry
34:49 Ballistics
35:43 Bracer
45:52 Hand Cart
46:02 Town Watch
46:26 Elite Skirmisher
48:21 Thumb Ring
49:40 Padded Archer Armor
51:09 Leather Archer Armor
52:08 Chemistry
Macumba
10:21 Feudal Age
12:18 Loom
14:59 Castle Age
13:11 Double-Bit Axe
18:25 Horse Collar
18:37 Fletching
24:35 Gold Mining
25:19 Town Watch
25:45 Padded Archer Armor
29:40 Wheelbarrow
32:47 Imperial Age
31:34 Leather Archer Armor
31:59 Bow Saw
31:51 Stone Mining
33:40 Bodkin Arrow
34:57 Gold Shaft Mining
36:02 Elite Mameluke
37:07 Hand Cart
37:55 Two-Man Saw
37:00 Heavy Plow
38:04 Scale Barding Armor
39:16 Heavy Camel Rider
41:30 Bracer
42:10 Ballistics
42:53 Husbandry
43:04 Bloodlines
43:18 Chain Barding Armor
43:09 Forging
44:50 Ring Archer Armor
46:46 Chemistry
46:47 Conscription
Vazumor
10:52 Feudal Age
12:30 Double-Bit Axe
13:11 Horse Collar
17:23 Gold Mining
20:11 Wheelbarrow
20:25 Stone Mining
23:14 Castle Age
21:00 Loom
21:42 Fletching
21:52 Padded Archer Armor
22:47 Scale Barding Armor
23:55 Bodkin Arrow
24:16 Leather Archer Armor
24:35 Bow Saw
25:09 Gold Shaft Mining
24:42 Heavy Plow
28:01 Hand Cart
28:20 Thumb Ring
30:47 Chain Barding Armor
32:48 Ballistics
35:03 Imperial Age
32:43 Scale Mail Armor
33:15 Forging
35:23 Iron Casting
35:30 Elite Kipchak
37:41 Ring Archer Armor
37:47 Plate Barding Armor
38:16 Chain Mail Armor
39:02 Blast Furnace
38:58 Conscription
38:41 Steppe Husbandry
38:42 Cuman Mercenaries
39:18 Hoardings
38:13 Sappers
38:54 Caravan
39:25 Coinage
39:05 Guilds
43:09 Bloodlines
42:20 Light Cavalry
44:57 Cavalier
44:58 Hussar
47:20 Paladin
Teetrinker
10:20 Feudal Age
14:49 Castle Age
12:37 Double-Bit Axe
14:01 Forging
14:07 Horse Collar
16:48 Fletching
17:45 Crossbowman
21:33 Gold Mining
22:49 Bodkin Arrow
23:53 Wheelbarrow
24:08 Town Watch
26:56 Town Watch
32:16 Imperial Age
29:40 Loom
30:10 Hand Cart
31:04 Gold Shaft Mining
31:11 Masonry
31:43 Bow Saw
32:55 Padded Archer Armor
33:18 Bracer
35:13 Two-Man Saw
34:46 Leather Archer Armor
35:33 Hoardings
35:11 Arbalester
36:40 Yeomen
38:57 Heavy Plow
39:35 Ballistics
40:15 Chemistry
39:44 Town Patrol
40:52 Architecture
40:37 Stone Mining
41:26 Ring Archer Armor
42:37 Conscription
44:13 Yeomen
Harkonnen
7:47 Loom
10:20 Feudal Age
14:48 Castle Age
13:22 Double-Bit Axe
13:43 Horse Collar
20:15 Gold Mining
25:14 Arson
25:29 Squires
25:15 Gambesons
25:42 Forging
25:54 Scale Mail Armor
32:25 Imperial Age
30:00 Stone Mining
31:07 Wheelbarrow
33:17 Heavy Plow
33:17 Fletching
34:45 Elite Varangian Guard
36:10 Hand Cart
36:04 Bodkin Arrow
36:34 Ballistics
36:30 Town Watch
37:24 Bracer
39:39 Iron Casting
40:20 Chain Mail Armor
40:07 Padded Archer Armor
40:13 Scale Barding Armor
41:57 Blast Furnace
41:10 Masonry
41:06 Siege Engineers
40:42 Treadmill Crane
42:15 Stone Shaft Mining
42:48 Plate Mail Armor
42:16 Murder Holes
43:23 Crop Rotation
43:02 Gothikon
47:23 Chain Barding Armor
48:01 Fervor
48:30 Architecture
51:15 Plate Barding Armor
Mystic Boy
10:24 Feudal Age
11:36 Double-Bit Axe
11:46 Horse Collar
16:12 Castle Age
17:15 Bow Saw
17:46 Heavy Plow
18:09 Stone Mining
19:37 Stone Shaft Mining
19:32 Loom
21:59 Gold Mining
24:24 Fletching
26:30 Gold Shaft Mining
26:53 Wheelbarrow
26:59 Bodkin Arrow
28:36 Hand Cart
28:11 Town Watch
30:24 Ballistics
32:49 Imperial Age
31:08 Nomads
31:24 Padded Archer Armor
32:42 Fortified Wall
33:33 Bloodlines
33:26 Husbandry
34:08 Bracer
34:57 Elite Mangudai
37:18 Masonry
38:21 Leather Archer Armor
38:17 Forging
38:36 Parthian Tactics
37:34 Light Cavalry
38:48 Thumb Ring
38:05 Elite Skirmisher
38:55 Scale Barding Armor
40:05 Chemistry
41:05 Iron Casting
40:54 Conscription
41:11 Hoardings
40:47 Siege Engineers
41:02 Heavy Scorpion
43:07 Drill
42:18 Hussar
44:34 Chain Barding Armor
45:15 Blast Furnace
43:41 Capped Ram
Connection lost

Rejoining the realm…

Still unreachable

The connection could not be restored.

Session expired

The server has moved on; the page needs a fresh start.